 Dungeon Sprint DCSS version 0.19-a0-1922-g1e9a4c1 (webtiles) character file.

0 LORDOFBUTT the Shield-Bearer (level 1, 0/18 HPs)
             Began as a Formicid Fighter on Oct 24, 2016.
             Was an Initiate of Gozag.
             Slain by Sigmund
             ... wielding a +0 scythe
              (8 damage)
             ... in the Dungeon (Sprint VI: "Thunderdome").
             The game lasted 00:00:42 (131 turns).

LORDOFBUTT the Shield-Bearer (Formicid Fighter)      Turns: 131, Time: 00:00:42

Health: 0/18       AC:  6    Str: 20    XL:     1   Next: 55%
Magic:  1/1        EV:  8    Int:  7    God:    Gozag
Gold:   335        SH:  0    Dex: 10    Spells: 0 memorised, 0 levels left

rFire  . . .     SeeInvis +     a - +0 war axe
rCold  . . .     Gourm    .     b - +0 scale mail
rNeg   . . .     Faith    .     c - +0 shield
rPois  .         Spirit   .     (helmet unavailable)
rElec  .         Reflect  .     (no cloak)
rCorr  .         Harm     .     (no gloves)
MR     .....                    (no boots)
Stlth  ..........               (no amulet)
                                (no ring)
                                (no ring)

@: confused
A: permanent stasis, dig shafts and tunnels, four strong arms, antennae 3
a: Dig, Potion Petition, Call Merchant, Bribe Branch, Renounce Religion


You were in the Dungeon.
You worshipped Gozag.
Gozag was aware of your devotion.
You were not hungry.

You visited 1 branch You collected 335 gold pieces.

Inventory:

Hand Weapons
 a - a +0 war axe (weapon)
Armour
 b - a +0 scale mail (worn)
 c - a +0 shield (worn)
Wands
 m - a wand of acid (5/15)
 n - a wand of iceblast (5/15)
Scrolls
 k - 4 scrolls of blinking
 o - 3 scrolls of fog
Potions
 d - a potion of might
 e - a potion of curing
 g - 3 potions of heal wounds
 h - 4 potions of haste
 i - 2 potions of magic
 j - a potion of berserk rage
 l - a potion of resistance
Comestibles
 f - a bread ration


   Skills:
 - Level 3.2 Fighting
 + Level 2.9 Axes
 - Level 3.2 Armour
 + Level 4.3 Shields


You couldn't memorise any spells.
You didn't know any spells.

Dungeon Overview and Level Annotations

Branches:
Dungeon (1/1)

Altars:
Cheibriados
Dithmenos
Fedhas
Gozag
Kikubaaqudgha
Makhleb
Okawaru
Qazlal
Ru
Sif Muna
Trog
Uskayaw
Vehumet
Xom
Yredelemnul
Zin
The Shining One
Beogh
Jiyva
Lugonu

Shops:
D *[%??*?*:[((!!!!

Annotations:
D Sigmund


Innate Abilities, Weirdness & Mutations

You are under a permanent stasis effect.
You can dig through walls and to a lower floor.
Your four strong arms can wield two-handed weapons with a shield.
You have a pair of large antennae on your head. (SInv)


Message History

You feel much better. Sigmund hits you with a scythe.
The bat barely misses you.
You hit Sigmund.
Sigmund is severely wounded.
You hit the bat but do no damage. You block the bat's attack.
Sigmund barely misses you.
You barely miss Sigmund.
Sigmund is severely wounded.
Sigmund casts a spell at you.
You are confused.
The bat hits you but does no damage. Sigmund hits you with a scythe.
You're too confused to move!
The bat hits you but does no damage. Sigmund says, "I'm your fate."
Sigmund closely misses you.
You closely miss Sigmund.
Sigmund is severely wounded.
The bat barely misses you. Sigmund hits you with a scythe.
Sigmund hits you from afar with a scythe!
You die...
Your body crumbles into a pile of gold.

##∩.....∩## #∩.......∩#
#_......._# #_......._#
#_........#
##.........###
⌠...........⌠#
.8.........8.######
.....###......__@∩##
...8.# #.8......b.@#
.....###.............#
..###...###..........⌠#
..# #.<.# #..........⌠#
..###...###..........⌠#
.....###.............##
...8.# #.8........∩###
.....###......__.∩##


You could see Sigmund (invisible) and a bat.

Vanquished Creatures
  A bat skeleton (D)
  A jackal (D)
  A kobold (D)
3 creatures vanquished.

Notes
Turn   | Place    | Note
-------+----------+-------------------------------------------
     0 | D        | LORDOFBUTT the Formicid Fighter began the quest for the Orb.
     0 | D        | Reached XP level 1. HP: 18/18 MP: 1/1
     1 | D        | Found a basalt altar of Yredelemnul.
     2 | D        | Found a blossoming altar of Fedhas.
     2 | D        | Found a shimmering altar of Xom.
     3 | D        | Found a deep blue altar of Sif Muna.
     3 | D        | Found a viscous altar of Jiyva.
     4 | D        | Found a stormy altar of Qazlal.
     4 | D        | Found a snail-covered altar of Cheibriados.
     4 | D        | Found Volanyfa's Staff Store.
     4 | D        | Found Dicsamn's Magic Scroll Shop.
     5 | D        | Found a glowing silver altar of Zin.
     5 | D        | Found Mefun's Must-Have Magic.
     5 | D        | Found Juavuq's Magic Scroll Shop.
     5 | D        | Round 1.
    22 | D        | Found a radiant altar of Vehumet.
    25 | D        | Found a shadowy altar of Dithmenos.
    25 | D        | Found an ancient bone altar of Kikubaaqudgha.
    25 | D        | Found Epliang's Bee Food.
    25 | D        | Found Warchaduips's Jewellery.
    26 | D        | Found Uxza Nur's Advanced Armour.
    28 | D        | Found a sacrificial altar of Ru.
    28 | D        | Found a roughly hewn altar of Beogh.
    28 | D        | Found Esomom's Identification Station.
    35 | D        | Found a bloodstained altar of Trog.
    36 | D        | Found an iron altar of Okawaru.
    37 | D        | Found a hide-covered altar of Uskayaw.
    38 | D        | Found Alyi's Premium Goods.
    39 | D        | Found an opulent altar of Gozag.
    39 | D        | Found a corrupted altar of Lugonu.
    39 | D        | Found Yrphugis's Weapon Rack.
    39 | D        | Found Egid's Miscellaneous Merchandise.
    39 | D        | Found Pisibo Ykai's Basic Armour.
    43 | D        | Found a burning altar of Makhleb.
    47 | D        | Became a worshipper of Gozag Ym Sagoz the Greedy
    48 | D        | Reached skill level 4 in Shields
   111 | D        | Found Gesytag's Distillery.
   111 | D        | Found a glowing golden altar of the Shining One.
   111 | D        | Found Vamay's Do-It-Yourself Clinic.
   112 | D        | Found Guavy's Distillery.
   112 | D        | Found Naxtis's Bottled Wisdom.
   114 | D        | Noticed Sigmund
   131 | D        | Slain by Sigmund

Vault maps used:
D:        arena_sprint

Skill      XL: |  1 |
---------------+----+-----
Shields        | 4 |  4.3
Fighting       | |  3.2
Axes           | |  2.9
Armour         | |  3.2

Action                   || total
-------------------------++-------
Melee: War axe           ||    21
  Use: Potion            ||     1
Armor: Scale mail        ||    23
Dodge: Dodged            ||    20
Block: Shield            ||    20
